 Dungeon Crawl Stone Soup version 0.28-a0-983-g1de4e0787c (webtiles) character file.

Game seed: 3630478754908819528

25 Decritt the Shooter (level 2, 11/17 HPs)
             Began as a Deep Elf Hunter on Dec 3, 2021.
             Quit the game on level 2 of the Dungeon.
             The game lasted 00:03:30 (1344 turns).

Decritt the Shooter (Deep Elf Hunter)               Turns: 1344, Time: 00:03:30

Health: 11/17      AC:  3    Str:  9    XL:     2   Next: 86%
Magic:  4/4        EV: 12    Int: 15    God:
Gold:   69         SH:  0    Dex: 15    Spells: 1/1 levels left

rFire   . . .      SeeInvis .   a - +1 shortbow
rCold   . . .      Faith    .   (shield currently unavailable)
rNeg    . . .      Spirit   .   c - +0 leather armour
rPois   .          Reflect  .   (no helmet)
rElec   .          Harm     .   (no cloak)
rCorr   .          Rampage  .   (no gloves)
Will    .....                   (no boots)
Stlth   ++........              (no amulet)
HPRegen 0.05/turn               (no ring)
MPRegen 0.09/turn               (no ring)

@: no status effects
A: no striking features
a: no special abilities


You were on level 2 of the Dungeon.
You visited 1 branch of the dungeon, and saw 2 of its levels.

You collected 69 gold pieces.

Inventory:

Hand Weapons
 a - a +1 shortbow (weapon)
 b - a +0 short sword
Armour
 c - a +0 leather armour (worn)
Scrolls
 f - a scroll of vulnerability {unknown}
Potions
 e - a potion of mutation {unknown}


   Skills:
 + Level 2.0 Fighting
 + Level 5.7 Bows
 + Level 3.0 Dodging
 - Level 1.8 Stealth


You had one spell level left.
You didn't know any spells.
Your spell library was empty.

Dungeon Overview and Level Annotations

Branches:
Dungeon (2/15)

Altars:

Shops:
D:1 :

Annotations:
D:2 Robin


Message History

A goblin comes into view. It is wielding a +0 dagger. x2
You shoot an arrow.
The arrow hits the goblin but does no damage.
A goblin comes into view. It is wielding a +0 dagger.
You shoot an arrow. The arrow barely misses the goblin.
The arrow hits the frilled lizard.
You kill the frilled lizard!
The goblin misses you.
Your Dodging skill increases to level 3!
You shoot an arrow. The arrow barely misses the goblin. x2
The goblin hits you with a +0 dagger.
You shoot an arrow. The arrow closely misses the goblin.
The arrow hits the goblin!
You kill the goblin!
The goblin closely misses you.
Your Fighting skill increases to level 2!
You shoot an arrow. The arrow hits the goblin.
You kill the goblin!
You shoot an arrow. The arrow closely misses the goblin. x2
A goblin comes into view. It is wielding a +0 dagger.
You shoot an arrow. The arrow hits the goblin.
The goblin is severely wounded.
The goblin misses you.
You shoot an arrow. The arrow hits the goblin.
You kill the goblin!
The goblin unwields a +0 dagger.
The goblin wields a +0 hunting sling.
The goblin shoots a stone.
The stone hits you.
You do not have any ammo quivered for your +1 shortbow.
You do not have any ammo quivered for your +1 shortbow.
Unknown command.
You do not have any ammo quivered for your +1 shortbow.
You do not have any ammo quivered for your +1 shortbow.
You do not have any ammo quivered for your +1 shortbow.
Unknown command.
A hobgoblin comes into view.
The goblin shoots a stone.
The stone barely misses you.
The goblin shoots a stone.
The stone misses you.
The goblin shoots a stone.
The stone misses you.
The goblin shoots a stone.
The stone completely misses you.
Are you sure you want to abandon this character and quit the game? (Confirm with "yes".)

#.#######
#ggg).g.#
#(#####.# g(
#.# #g #.# ..
#.# .. #.##.# .
#.##.#
#.##@##########
#.##..........#
#.#########.###
.. #.# ######.#
... #.#
#......# #..###
#.# #.######
.....########.#
#.#
#..#..........#
#.#
#..#..........#
#.#


You could see a goblin.

Vanquished Creatures
  A worm (D:2)
  2 endoplasms (D:1)
  8 goblins
  A hobgoblin (D:2)
  2 kobolds (D:1)
  3 bats
  2 frilled lizards
  4 rats
23 creatures vanquished.

Notes
Turn   | Place    | Note
-------+----------+-------------------------------------------
     0 | D:1      | Decritt the Deep Elf Hunter began the quest for the Orb.
     0 | D:1      | Reached XP level 1. HP: 12/12 MP: 3/3
   436 | D:1      | Reached XP level 2. HP: 13/17 MP: 4/4
   779 | D:1      | Found Muets's Book Emporium.
  1323 | D:2      | Noticed Robin
  1344 | D:2      | Quit the game

Illustrated notes

Levels and vault maps discovered:
D:1:      wander_arrival_lonely_grave, layout_loops_ring,
          shapermc_ecumenical_altar_mp_urbaneastern, serial_shops,
          nicolae_shop_advertising_works [nicolae_subvault_shop_adworks]
D:2:      layout_basic, uniq_robin

Skill      XL: |  1  2 |
---------------+-------+-----
Dodging        | 3 |  3.0
Fighting       | 2 |  2.0
Bows           | |  5.7
Stealth        | |  1.8

Action                   || total
-------------------------++-------
 Fire: Shortbow          ||    65
Armor: Leather armour    ||     8
Dodge: Dodged            ||    15

Table legend: (Time is in decaauts)
 A = Elapsed time spent in this place.
 B = Non-inter-level travel time spent in this place.
 C = Inter-level travel time spent in this place.
 D = Time resting spent in this place.
 E = Time spent auto-exploring this place.
 F = Levels seen in this place.
 G = Mean time per level.
                   A        B        C        D        E       F      G
               +--------+--------+--------+--------+--------+-----+--------+
         Total |   1344 |   1287 |     57 |      0 |   1131 |   2 |  672.0 |
       Dungeon |   1344 |   1287 |     57 |      0 |   1131 |   2 |  672.0 |
               +--------+--------+--------+--------+--------+-----+--------+

Top non-repeatable levels by time:
     D:1: 1062 daAuts
     D:2: 282 daAuts
